 Dungeon Crawl Stone Soup version 0.25-a0-578-gc91f01c39c (webtiles) character file.

Game seed: 11842639729636311387, levelgen mode: deterministic

181 Forecaster the Magician (level 5, -1/42 HPs)
             Began as a Naga Wizard on Mar 4, 2020.
             Slain by a two-headed ogre
             ... wielding a +0 giant club
              (4 damage)
             ... on level 3 of the Dungeon.
             The game lasted 00:15:48 (2589 turns).

Forecaster the Magician (Naga Wizard)               Turns: 2589, Time: 00:15:49

Health: -1/42      AC:  6    Str: 10    XL:     5   Next: 61%
Magic:  1/10       EV:  9    Int: 18    God:
Gold:   137        SH:  0    Dex: 10    Spells: 6/11 levels left

rFire    . . .     SeeInvis +   f - +0 dagger (flame)
rCold    . . .     Gourm    .   (no shield)
rNeg     . . .     Faith    .   w - -1 leather armour (curse)
rPois    +         Spirit   .   b - +0 hat
rElec    .         Reflect  .   (no cloak)
rCorr    .         Harm     .   (no gloves)
MR       .....                  (no barding)
Stlth    ++........             (no amulet)
HPRegen  0.14/turn              m - +4 ring of protection
MPRegen  0.12/turn              (no ring)

@: very slow
A: large, see invisible, deformed body, poison resistance, slowness 2, slow
metabolism 1, spit poison 1, AC +1
a: Spit Poison


You were on level 3 of the Dungeon.
You were very hungry.

You visited 1 branch of the dungeon, and saw 3 of its levels.

You collected 137 gold pieces.

Inventory:

Hand Weapons
 f - a +0 dagger of flaming (weapon)
 t - a +2 falchion of holy wrath
 x - a +2 dagger of protection
 y - a +0 mace of protection
Missiles
 e - 75 stones (quivered)
 o - 29 bolts
 r - 26 arrows
Armour
 a - a +0 robe
 b - a +0 hat (worn)
 s - a +0 robe
 u - a +1 pair of boots
 w - a cursed -1 leather armour (worn)
Jewellery
 m - a +4 ring of protection (left hand)
Scrolls
 c - a scroll of random uselessness {unknown}
 g - 3 scrolls of identify {unknown}
 h - 2 scrolls of teleportation {unknown}
 i - a scroll of amnesia {unknown}
 j - 2 scrolls of noise {unknown}
 k - a scroll of enchant armour {unknown}
 l - 2 scrolls of immolation {unknown}
 n - 3 scrolls of enchant weapon {unknown}
 p - 3 scrolls of blinking {unknown}
 q - a scroll of magic mapping {unknown}
 v - a scroll of remove curse {unknown}
Comestibles
 d - 5 rations


   Skills:
 + Level 0.2 Fighting
 + Level 1.0 Short Blades
 + Level 0.5 Armour
 + Level 2.0 Dodging
 + Level 3.8 Stealth
 + Level 3.9 Spellcasting
 + Level 2.5 Conjurations
 + Level 2.4 Summonings
 + Level 1.0 Translocations


You had 6 spell levels left.
You knew the following spells:

 Your Spells              Type           Power        Failure   Level  Hunger
a - Magic Dart            Conj           ##..         8%          1    None
b - Call Imp              Summ           ##......     12%         2    ##.....
c - Blink                 Tloc           N/A          21%         2    ##.....

Your spell library contained the following spells:

 Spells                   Type           Power        Failure   Level  Hunger
 Slow                     Hex            #.......     30%         2    ##.....
 Conjure Flame            Conj/Fire      #.......     36%         3    ###....
 Mephitic Cloud           Conj/Pois/Air  #.......     41%         3    ###....


Dungeon Overview and Level Annotations

Branches:
Dungeon (3/15)

Altars:
Ashenzari


Innate Abilities, Weirdness & Mutations

You cannot wear boots.
Your serpentine skin is tough. (AC +1)
You have supernaturally acute eyesight. (SInv)
Armour fits poorly on your strangely shaped body.
Your system is resistant to poisons. (rPois)
You cover ground very slowly.
You have a slow metabolism.
You can spit poison.


Message History

You blink.
Your white imp closely misses the two-headed ogre.
Casting: Blink (safe; 21% risk of failure)
Confirm with . or Enter, or press ? or * to list all spells.
You blink.
Your crimson imp blinks!
You are feeling very hungry.
A stone appears from out of your range of vision.
A stone appears from out of your range of vision.
The stone misses your crimson imp.
Your crimson imp blinks!
A kobold comes into view. It is wielding a +0 short sword.
The kobold throws a stone.
The stone barely misses you.
There is a stone staircase leading up here.
Casting: Blink (safe; 21% risk of failure)
Confirm with . or Enter, or press ? or * to list all spells.
You don't have enough magic to cast that spell.
The two-headed ogre closely misses you.
The two-headed ogre hits you with a +0 dire flail.
You die...

#... #.#.# #. #.. ##...##.#.#
##. #.. .# ##........#.#####..
#.# #.# ##..........)....... #.#
... #............#####.. #.# #.#
#..##...##.### ##. #.#
#.#####...#...#.).# #. #.#
#.#.5...<.K......## ##
#.###.#.###KO@..###..# ###8
#5KO......(..#..# ##.##8...8..
#.###.#.##..##..###..##.......
#.5........5##.....#.#_.......
#.###.#.##..##..#.#####.......
###.###...........##.####8...8..
#............###..###.## ##8###8
#.#.###.#.....))..# ##.# ## ##
#.#.# #.###..###)## ### ##.


You could see a two-headed ogre, 2 kobolds, a friendly crimson imp and a
friendly white imp.

Vanquished Creatures
  A worker ant (D:3)
  3 adders
  2 dart slugs
  A leopard gecko (D:2)
  6 orcs (D:3)
  3 bats
  7 goblins
  4 hobgoblins
  A kobold (D:1)
  A quokka (D:2)
  2 ball pythons
  4 frilled lizards
  4 rats
39 creatures vanquished.

Vanquished Creatures (collateral kills)
  An orc priest (D:3)
  Jessica (D:2)
  Natasha (thrice) (D:2)
  2 adders
  4 orcs (D:3)
  4 hobgoblins
  A kobold (D:2)
  A frilled lizard (D:3)
  2 goblins (D:3)
19 creatures vanquished.

Grand Total: 58 creatures vanquished

Notes
Turn   | Place    | Note
-------+----------+-------------------------------------------
     0 | D:1      | Forecaster the Naga Wizard began the quest for the Orb.
     0 | D:1      | Reached XP level 1. HP: 15/15 MP: 4/4
   443 | D:1      | Reached XP level 2. HP: 22/22 MP: 1/6
   447 | D:1      | Learned a level 2 spell: Call Imp
   450 | D:1      | Learned a level 2 spell: Blink
  1199 | D:2      | Reached XP level 3. HP: 28/28 MP: 0/8
  1363 | D:2      | Noticed Natasha
  1378 | D:2      | Killed Natasha
  1379 | D:2      | HP: 1/28 [adder (3)]
  1470 | D:2      | Noticed Natasha
  1481 | D:2      | Reached XP level 4. HP: 15/36 MP: 3/9
  1488 | D:2      | Killed Natasha
  1688 | D:2      | Noticed Jessica
  1692 | D:2      | Killed Jessica
  1692 | D:2      | Reached skill level 1 in Short Blades
  1846 | D:2      | Noticed Natasha
  1855 | D:2      | Killed Natasha
  1994 | D:3      | Reached XP level 5. HP: 42/42 MP: 10/10
  2158 | D:3      | Found a shattered altar of Ashenzari.
  2569 | D:3      | Noticed a two-headed ogre
  2581 | D:3      | HP: 2/42 [two-headed ogre/+0 giant club (14)]
  2589 | D:3      | Slain by a two-headed ogre

Levels and vault maps discovered:
D:1:      evilmike_arrival_rings, layout_rooms
D:2:      layout_basic, first_ration, uniq_natasha, uniq_jessica
D:3:      layout_loops_ring, nicolae_overflow_hidden_temple, uniq_sigmund

Skill      XL: |  1  2  3  4  5 |
---------------+----------------+-----
Dodging        | 2 |  2.0
Conjurations   | 2 |  2.5
Short Blades   | 1 |  1.0
Summonings     | 2 |  2.4
Fighting       | |  0.2
Armour         | |  0.5
Stealth        | |  3.8
Spellcasting   | |  3.9
Translocations | |  1.0

Action                   |  1- 3 |  4- 6 || total
-------------------------+-------+-------++-------
Melee: Dagger            |    36 |    36 ||    72
Throw: Stone             |       |     1 ||     1
 Cast: Magic Dart        |    43 |    29 ||    72
       Call Imp          |     6 |    28 ||    34
       Blink             |       |     2 ||     2
  Use: Potion            |     2 |       ||     2
 Stab: Sleeping          |     1 |     1 ||     2
       Distracted        |       |     1 ||     1
  Eat: Chunk             |     1 |     3 ||     4
Armor: Robe              |     6 |       ||     6
       Leather armour    |     5 |    10 ||    15
Dodge: Dodged            |    21 |    15 ||    36

Table legend:
 A = Non-vault XP
 B = Vault XP
 C = Vault XP percentage of total XP
 D = Non-vault monster count
 E = Vault monster count
 F = Vault count percentage of total count
                 A         B        C        D         E       F
            +---------+---------+-------+---------+---------+-------
      Total |     222 |      37 |  14.3 |      56 |       2 |   3.4
            +---------+---------+-------+---------+---------+-------
        D:1 |      28 |       0 |   0.0 |      16 |       0 |   0.0
        D:2 |      87 |      37 |  29.8 |      18 |       2 |  10.0
        D:3 |     107 |       0 |   0.0 |      22 |       0 |   0.0
            +---------+---------+-------+---------+---------+-------
